 Dungeon Crawl Stone Soup version 0.29.1 (webtiles) character file.

Game seed: 2412223934945039606

3215 QueenGhuleh the Basher (level 9, -10/81 HPs)
             Began as a Minotaur Berserker on Sept 13, 2022.
             Was an Elder of Trog.
             Mangled by Gastronok (12 damage)
             ... on level 8 of the Dungeon.
             The game lasted 00:15:39 (4269 turns).

QueenGhuleh the Basher (Minotaur Berserker)         Turns: 4269, Time: 00:15:40

Health: -10/81     AC: 14    Str: 27    XL:     9   Next: 65%
Magic:  8/8        EV:  8    Int:  4    God:    Trog [****..]
Gold:   359        SH:  0    Dex:  9    Spells: 8/8 levels left

rFire   . . .      SeeInvis .   D - +0 battleaxe
rCold   . . .      Faith    .   (shield currently unavailable)
rNeg    . . .      Spirit   .   b - +0 plate armour
rPois   .          Reflect  .   (helmet restricted)
rElec   .          Harm     .   (no cloak)
rCorr   .          Rampage  .   (no gloves)
Will    +....                   (no boots)
Stlth   ..........              k - amulet of regeneration
HPRegen 1.03/turn               w - ring of willpower
MPRegen 0.11/turn               (no ring)

@: on berserk cooldown, slowed, very slow
A: horns 2, retaliatory headbutt
a: Renounce Religion, Berserk, Trog's Hand, Brothers in Arms


You were on level 8 of the Dungeon.
You worshipped Trog.
Trog was greatly pleased with you.
You visited 1 branch of the dungeon, and saw 7 of its levels.

You collected 359 gold pieces.

Inventory:

Hand Weapons
 y - a +1 dire flail of holy wrath
 B - a +3 halberd of freezing
 D - a +0 battleaxe (weapon)
Armour
 b - a +0 plate armour (worn)
Jewellery
 k - an amulet of regeneration (around neck)
 w - a ring of willpower (left hand)
Wands
 l - a wand of flame (26)
 u - a wand of paralysis (7)
 z - a wand of quicksilver (17)
Scrolls
 c - 6 scrolls of brand weapon {unknown}
 d - a scroll of amnesia {unknown}
 f - 8 scrolls of identify {unknown}
 g - a scroll of immolation {unknown}
 o - a scroll of teleportation {unknown}
 p - 4 scrolls of butterflies {unknown}
 r - a scroll of enchant armour {unknown}
 t - a scroll of vulnerability {unknown}
 v - a scroll of magic mapping {unknown}
 x - a scroll of fear {unknown}
 E - 2 scrolls of noise {unknown}
Potions
 a - a potion of attraction {unknown}
 e - 7 potions of curing {unknown}
 h - 2 potions of degeneration {unknown}
 i - a potion of heal wounds {unknown}
 j - 2 potions of ambrosia {unknown}
 m - 2 potions of magic {unknown}
 n - 2 potions of brilliance {unknown}
 q - a potion of might {unknown}
 s - a potion of mutation {unknown}
 A - 2 potions of lignification {unknown}
 C - a potion of flight {unknown}
 F - a potion of berserk rage {unknown}


   Skills:
 + Level 7.8 Fighting
 + Level 5.6(8.8) Axes
 + Level 10.6(11.2) Maces & Flails
 + Level 9.1 Armour
 + Level 3.3 Dodging
 + Level 0.3 Stealth


You had 8 spell levels left.
You didn't know any spells.
Your spell library was empty.

Dungeon Overview and Level Annotations

Branches:
Dungeon (8/15)             Temple (0/1) D:6
   Lair: D:8-11

Altars:
Zin

Shops:
D:7 (

Annotations:
D:8 Gastronok


Innate Abilities, Weirdness & Mutations

You have a pair of horns on your head.
You reflexively headbutt those who attack you in melee.


Message History

You feel yourself slow down. The river rat closely misses you.
Items here: ( )) †.
You closely miss the river rat. Your headbutt misses the river rat.
The river rat barely misses you. The river rat bites you.
Gastronok bubbles merrily.
You completely miss the river rat.
The river rat bites you but does no damage. x2
You closely miss the river rat.
Gastronok is no longer moving quickly.
The river rat barely misses you.
Gastronok waves his eye-stalks in wide circles.
The air twists around and strikes you!
The river rat bites you but does no damage.
You slice the river rat!!
You kill the river rat!
The river rat's corpse disappears in a puff of smoke!
The bat hits you but does no damage. The bat closely misses you.
You furiously retaliate!
You headbutt the bat!
You kill the bat!
The bat's corpse disappears in a puff of smoke!
Gastronok waves his eye-stalks in wide circles.
The air twists around and strikes you!!
You are too injured to fight recklessly!
You are too injured to fight recklessly!
You are too injured to fight recklessly!
You are too injured to fight recklessly!
You are too injured to fight recklessly!
You slash the kobold!
You kill the kobold!
Trog accepts your kill.
Gastronok waves his eye-stalks in wide circles.
The air twists around and strikes you!
Things that are here:
a +0 club; a kobold corpse
Found a stone staircase leading up.
Gastronok bites you!!
* * * LOW HITPOINT WARNING * * *
Gastronok bites you!
* * * LOW HITPOINT WARNING * * *
Gastronok is buffeted by a sudden breeze.
Gastronok bites you!
You die...

### ..#
#######.######
#............#
#######
####@####.#####.....#
#rbw..<....##.......#
#.##.##.............#
#<##)# ....#.......#
#.##)# #.#.#.......#
# #.##.#
#.#..>....... # #.
#.##)# #............
#.##.##.##.#
#.........#
#.).......)#
#...)...>.#


You could see Gastronok, a river rat (summoned) and a bat (summoned).

Vanquished Creatures
  Psyche (D:8)
  Sigmund (D:6)
  A wyvern (D:8)
  Edmund (D:6)
  Duvessa (D:6)
  2 water moccasins
  A black bear (D:7)
  A sky beast (D:8)
  3 ice beasts
  2 orc warriors (D:8)
  An ogre (D:7)
  A kobold brigand (D:8)
  2 bullfrogs (D:6)
  A necrophage (D:7)
  3 gnoll sergeants
  6 wights (D:7)
  Dowan (D:6)
  A hound (D:6)
  2 gnoll boudas (D:7)
  An orc priest (D:8)
  3 iguanas (D:6)
  Ijyb (D:2)
  Natasha (thrice) (D:3)
  2 orc wizards (D:8)
  27 gnolls
  5 adders
  An ufetubus (D:6)
  A worm (D:2)
  2 dart slugs
  6 orcs
  4 endoplasms
  4 giant cockroaches
  13 goblins
  2 hobgoblins (D:3)
  3 quokkas (D:1)
  5 ball pythons
  8 bats
  3 frilled lizards
  A hobgoblin zombie (D:6)
  10 kobolds
  A kobold zombie (D:6)
  6 rats
144 creatures vanquished.

Notes
Turn   | Place    | Note
-------+----------+-------------------------------------------
     0 | D:1      | QueenGhuleh the Minotaur Berserker began the quest for the
                  | Orb.
     0 | D:1      | Reached XP level 1. HP: 19/19 MP: 0/0
   423 | D:1      | Reached XP level 2. HP: 27/27 MP: 1/1
   485 | D:1      | Found a faded altar of an unknown god.
   485 | D:1      | Noticed a ynoxinul
   864 | D:2      | Reached XP level 3. HP: 28/33 MP: 2/2
  1104 | D:2      | Reached ** piety under Trog
  1270 | D:2      | Noticed Ijyb
  1281 | D:2      | Reached skill level 1 in Maces & Flails
  1296 | D:2      | Killed Ijyb
  1297 | D:2      | Reached XP level 4. HP: 25/41 MP: 3/3
  1511 | D:3      | Reached skill level 2 in Maces & Flails
  1630 | D:3      | Noticed Natasha
  1640 | D:3      | Killed Natasha
  1641 | D:3      | Reached XP level 5. HP: 44/47 MP: 4/4
  1864 | D:3      | Noticed Natasha
  1877 | D:3      | Killed Natasha
  1878 | D:3      | Reached skill level 3 in Maces & Flails
  1930 | D:3      | Noticed Natasha
  1933 | D:3      | Killed Natasha
  1939 | D:3      | Found a glowing silver altar of Zin.
  2046 | D:4      | You fall into a shaft and drop 2 floors!
  2064 | D:6      | Noticed an ice beast
  2075 | D:6      | Killed an ice beast
  2076 | D:6      | Reached skill level 4 in Maces & Flails
  2076 | D:6      | Reached XP level 6. HP: 45/55 MP: 5/5
  2149 | D:6      | Reached skill level 5 in Fighting
  2189 | D:6      | Noticed Edmund
  2201 | D:6      | Killed Edmund
  2202 | D:6      | Reached skill level 5 in Maces & Flails
  2202 | D:6      | Reached skill level 5 in Armour
  2247 | D:6      | Noticed Dowan
  2247 | D:6      | Noticed Duvessa
  2252 | D:6      | Killed Duvessa
  2253 | D:6      | Reached XP level 7. HP: 61/61 MP: 6/6
  2259 | D:6      | Killed Dowan
  2259 | D:6      | Reached *** piety under Trog
  2360 | D:6      | Found a sand-covered staircase.
  2412 | D:6      | Reached skill level 6 in Maces & Flails
  2467 | D:6      | Noticed Sigmund
  2479 | D:6      | Killed Sigmund
  2535 | D:6      | Reached skill level 7 in Maces & Flails
  2606 | D:6      | Reached XP level 8. HP: 68/70 MP: 7/7
  2744 | D:6      | Found a staircase to the Ecumenical Temple.
  3187 | D:7      | Reached skill level 8 in Maces & Flails
  3306 | D:7      | Found Tafoar's Antique Weapon Shop.
  3338 | D:7      | Reached skill level 9 in Maces & Flails
  3644 | D:7      | Reached XP level 9. HP: 46/79 MP: 8/8
  4097 | D:8      | Reached **** piety under Trog
  4104 | D:8      | Reached skill level 10 in Maces & Flails
  4127 | D:8      | Reached skill level 5 in Axes
  4158 | D:8      | Noticed Psyche
  4173 | D:8      | Killed Psyche
  4237 | D:8      | Noticed Gastronok
  4268 | D:8      | HP: 1/81 [Gastronok (8)]
  4269 | D:8      | Mangled by Gastronok

Illustrated notes

Levels and vault maps discovered:
D:1:      sevenhm_arrival_forest_fort_small_5, layout_basic,
          dreamdust_ecumenical_altar_sealed_demon
D:2:      kennysheep_the_goblin_king, layout_rooms
D:3:      layout_loops_ring, zin_statuary, kennysheep_generic_room_12,
          uniq_natasha
D:4:      layout_loops_ring, grunt_decor_arrowhead
D:6:      layout_loops_corners, minmay_temple_entry_drinking_statues,
          enter_ossuary_3, dreamdust_gnoll_farm, uniq_edmund, uniq_duvessa,
          uniq_sigmund
D:7:      layout_basic, serial_shops,
          nicolae_shop_temple_entry_statues_fountains
D:8:      layout_loops_ring, uniq_psyche, uniq_gastronok

Skill      XL: |  1  2  3  4  5  6  7  8  9 |
---------------+----------------------------+-----
Axes           | 4 5 |  5.6
Fighting       | 4 5 6 7 |  7.8
Armour         | 3 4 5 6 8 9 |  9.1
Maces & Flails | 1 2 4 5 7 9 10 | 10.6
Dodging        | 3 |  3.3
Stealth        | |  0.3

Action                   |  1- 3 |  4- 6 |  7- 9 || total
-------------------------+-------+-------+-------++-------
Melee: Hand axe          |     9 |       |       ||     9
       Mace              |    67 |    90 |       ||   157
       Headbutt          |     8 |    13 |    45 ||    66
       Punch             |       |     1 |       ||     1
       Dire flail        |       |     3 |   159 ||   162
       Battleaxe         |       |       |    53 ||    53
Invok: Berserk           |       |       |     4 ||     4
       Trog's Hand       |       |       |     2 ||     2
Evoke: Wand              |       |       |     1 ||     1
Armor: Plate armour      |    49 |    61 |    94 ||   204
       Animal skin       |     1 |       |       ||     1
       Skin              |       |       |     2 ||     2
Dodge: Dodged            |    40 |    32 |   101 ||   173
